General information
- name: BNet
- type: Ladder team game (AT/RT)
- host: Battle.net
- saver: FFA.SMERBECK
map: FullScaleAssault
- players: 8
- length: 44:52
- speed: Fast
- version: 1.23 W3XP
- replay type: Public
» download(237 KB)
Players
team 1 (winner)
FFA.SMERBECK (
pink | 53 APM | 2391 actions | 44:52)
10 Death Knight
3 Death Coil
3 Unholy Aura
1 Animate Dead
3 Death Pact
9 Lich
3 Frost Nova
3 Frost Armor
1 Death and Decay
2 Dark Ritual
» actions
| Assign group hotkey | 26 | |
| Basic commands | 50 | |
| Build / train | 100 | |
| Enter build submenu | 28 | |
| Enter hero's abilities submenu | 20 | |
| Give item / drop item | 1 | |
| Right click | 1513 | |
| Select / deselect | 323 | |
| Select group hotkey | 206 | |
| Use ability | 124 | |
2391 total
» units
| Acolyte | 14 | |
| Ghoul | 16 | |
| Crypt Fiend | 4 | |
| Frost Wyrm | 8 | |
| Blue Dragon | 1 | |
43 total
» upgrades
| Web | 1 | |
| Creature Attack | 3 | |
| Creature Carapace | 2 | |
| Freezing Breath | 1 | |
7 total
» buildings
| Ziggurat | 17 | |
| Altar of Darkness | 1 | |
| Crypt | 2 | |
| Nerubian Tower | 2 | |
| Necropolis | 2 | |
| Halls of the Dead | 1 | |
| Graveyard | 2 | |
| Tomb of Relics | 2 | |
| Black Citadel | 1 | |
| Sacrificial Pit | 1 | |
| Boneyard | 3 | |
| Spirit Tower | 16 | |
50 total
» build order
00:13 Ziggurat
00:16 Altar of Darkness
00:36 Crypt
01:02 Ziggurat
01:20 Nerubian Tower
02:04 Necropolis
04:30 Halls of the Dead
04:57 Graveyard
05:23 Tomb of Relics
05:33 Ziggurat
07:21 Black Citadel
08:03 Nerubian Tower
09:33 Sacrificial Pit
09:36 Ziggurat
09:37 Ziggurat
09:38 Ziggurat
09:40 Ziggurat
10:48 Ziggurat
10:49 Ziggurat
11:22 Boneyard
11:24 Boneyard
11:26 Boneyard
12:26 Spirit Tower
12:28 Spirit Tower
12:29 Spirit Tower
12:29 Spirit Tower
16:26 Spirit Tower
21:00 Necropolis
21:02 Ziggurat
21:04 Ziggurat
21:05 Ziggurat
21:06 Ziggurat
21:07 Ziggurat
21:08 Ziggurat
21:35 Crypt
21:37 Graveyard
21:47 Ziggurat
21:48 Ziggurat
28:30 Spirit Tower
29:00 Spirit Tower
29:00 Spirit Tower
29:00 Spirit Tower
29:00 Spirit Tower
29:30 Spirit Tower
29:59 Spirit Tower
30:31 Spirit Tower
30:43 Spirit Tower
31:26 Spirit Tower
32:09 Tomb of Relics
33:08 Spirit Tower
» items
| Potion of Mana | 1 | |
| Orb of Corruption | 1 | |
| Scroll of Town Portal | 3 | |
5 total
DustyMonkey (
green | 22 APM | 978 actions | 44:51)
8 Blademaster
3 Wind Walk
3 Critical Strike
1 Bladestorm
1 Mirror Image
» actions
| Basic commands | 1 | |
| Build / train | 22 | |
| Enter build submenu | 9 | |
| Enter hero's abilities submenu | 8 | |
| Remove unit from queue | 2 | |
| Right click | 569 | |
| Select / deselect | 289 | |
| Use ability | 78 | |
978 total
» units
| Peon | 4 | |
| Spell Breaker | 2 | |
| Footman | 1 | |
7 total
» upgrades
» buildings
| Orc Burrow | 3 | |
| Altar of Storms | 1 | |
| War Mill | 1 | |
| Stronghold | 1 | |
| Watch Tower | 1 | |
7 total
» build order
00:08 Orc Burrow
00:10 Altar of Storms
00:54 War Mill
01:39 Orc Burrow
02:50 Stronghold
03:02 Watch Tower
04:00 Orc Burrow
» items
| Scroll of Regeneration | 1 | |
| Potion of Healing | 1 | |
| Potion of Mana | 1 | |
3 total
Ethereal_Tactic (
red | 27 APM | 1210 actions | 44:51)
5 Archmage
3 Summon Water Elemental
2 Blizzard
» actions
| Assign group hotkey | 12 | |
| Basic commands | 2 | |
| Build / train | 67 | |
| Enter build submenu | 20 | |
| Enter hero's abilities submenu | 5 | |
| Right click | 495 | |
| Select / deselect | 388 | |
| Select group hotkey | 183 | |
| Use ability | 38 | |
1210 total
» units
| Peasant | 13 | |
| Gryphon Rider | 32 | |
| Siege Engine | 4 | |
49 total
» upgrades
| Lumber Harvesting | 2 | |
| Swords | 3 | |
| Armor | 3 | |
| Storm Hammers | 1 | |
| Barrage | 1 | |
10 total
» buildings
| Lumber Mill | 1 | |
| Farm | 18 | |
| Keep | 1 | |
| Blacksmith | 1 | |
| Altar of Kings | 1 | |
| Gryphon Aviary | 3 | |
| Castle | 1 | |
| Town Hall | 1 | |
| Workshop | 3 | |
30 total
» build order
00:19 Lumber Mill
01:14 Farm
01:14 Farm
01:19 Farm
01:20 Farm
02:10 Keep
03:19 Blacksmith
03:28 Altar of Kings
04:14 Farm
04:15 Farm
04:16 Farm
05:18 Gryphon Aviary
05:19 Gryphon Aviary
05:33 Farm
05:34 Farm
05:50 Castle
06:57 Farm
06:58 Farm
07:57 Gryphon Aviary
08:03 Farm
08:51 Farm
09:44 Farm
09:45 Farm
11:03 Farm
13:14 Town Hall
14:37 Farm
14:39 Farm
26:42 Workshop
26:43 Workshop
27:00 Workshop
Dit_Zee101 (
yellow | 42 APM | 1596 actions | 38:04)
5 Archmage
3 Blizzard
2 Brilliance Aura
» actions
| Basic commands | 58 | |
| Build / train | 134 | |
| Enter build submenu | 40 | |
| Enter hero's abilities submenu | 5 | |
| Right click | 947 | |
| Select / deselect | 360 | |
| Use ability | 52 | |
1596 total
» units
| Peasant | 19 | |
| Footman | 39 | |
| Priest | 10 | |
| Spell Breaker | 18 | |
| Mortar Team | 6 | |
92 total
» upgrades
| Defend | 1 | |
| Plating | 3 | |
| Swords | 3 | |
| Priest Training | 2 | |
| Magic Sentry | 1 | |
| Backpack | 1 | |
| Control Magic | 1 | |
| Lumber Harvesting | 2 | |
| Masonry | 3 | |
| Flare | 1 | |
| Fragmentation Shards | 1 | |
19 total
» buildings
| Altar of Kings | 1 | |
| Barracks | 1 | |
| Farm | 13 | |
| Lumber Mill | 1 | |
| Blacksmith | 1 | |
| Arcane Vault | 1 | |
| Keep | 2 | |
| Scout Tower | 15 | |
| Arcane Sanctum | 1 | |
| Guard Tower | 14 | |
| Town Hall | 1 | |
| Castle | 1 | |
| Workshop | 2 | |
54 total
» build order
01:28 Altar of Kings
02:19 Barracks
02:38 Farm
03:07 Farm
03:30 Lumber Mill
03:39 Farm
03:52 Farm
04:25 Blacksmith
05:32 Arcane Vault
05:39 Keep
05:50 Farm
06:41 Scout Tower
07:54 Farm
08:19 Arcane Sanctum
09:36 Guard Tower
10:16 Scout Tower
10:59 Farm
11:01 Guard Tower
12:47 Farm
14:27 Town Hall
14:35 Castle
17:14 Scout Tower
18:14 Guard Tower
18:18 Scout Tower
18:52 Guard Tower
19:54 Farm
21:35 Farm
22:43 Scout Tower
26:55 Scout Tower
26:57 Guard Tower
27:01 Scout Tower
27:21 Farm
27:34 Guard Tower
27:35 Guard Tower
27:39 Scout Tower
27:42 Scout Tower
28:10 Guard Tower
28:11 Guard Tower
28:16 Scout Tower
28:25 Scout Tower
28:31 Scout Tower
28:52 Keep
28:57 Guard Tower
29:02 Farm
29:06 Guard Tower
29:08 Guard Tower
29:14 Scout Tower
29:27 Scout Tower
30:05 Guard Tower
31:05 Farm
31:09 Guard Tower
31:28 Workshop
33:17 Workshop
37:05 Scout Tower
team 2 (loser)

»
thismyFIRSTTIME (
blue | 47 APM | 2102 actions | 44:49)
3 Pit Lord
2 Rain of Fire
1 Cleaving Attack
3 Dark Ranger
1 Black Arrow
2 Life Drain
3 Beastmaster
1 Summon Bear
2 Summon Hawk
» actions
| Assign group hotkey | 11 | |
| Basic commands | 126 | |
| Build / train | 92 | |
| ESC pressed | 20 | |
| Enter build submenu | 31 | |
| Enter hero's abilities submenu | 9 | |
| Give item / drop item | 3 | |
| Right click | 722 | |
| Select / deselect | 473 | |
| Select group hotkey | 531 | |
| Use ability | 84 | |
2102 total
» units
| Wisp | 36 | |
| Hippogryph | 4 | |
| Chimaera | 4 | |
| Dryad | 15 | |
59 total
» upgrades
| Strength of the Wild | 3 | |
| Reinforced Hides | 3 | |
| Corrosive Breath | 2 | |
| Abolish Magic | 1 | |
9 total
» buildings
| Altar of Elders | 1 | |
| Moon Well | 10 | |
| Hunter's Hall | 1 | |
| Tree of Ages | 3 | |
| Ancient Protector | 6 | |
| Tree of Eternity | 1 | |
| Ancient of Wind | 1 | |
| Chimaera Roost | 3 | |
| Ancient of Lore | 4 | |
| Ancient of Wonders | 2 | |
| Tree of Life | 1 | |
33 total
» build order
01:00 Altar of Elders
01:04 Moon Well
03:34 Hunter's Hall
03:40 Moon Well
04:36 Moon Well
04:53 Tree of Ages
04:53 Tree of Ages
05:16 Ancient Protector
05:24 Ancient Protector
05:29 Moon Well
07:24 Tree of Eternity
07:33 Moon Well
09:52 Ancient of Wind
09:57 Moon Well
21:37 Chimaera Roost
21:40 Chimaera Roost
21:43 Chimaera Roost
22:02 Ancient Protector
22:17 Ancient of Lore
22:19 Ancient of Lore
22:58 Ancient of Lore
22:59 Ancient of Lore
25:07 Moon Well
25:08 Moon Well
25:17 Ancient of Wonders
27:05 Moon Well
29:03 Tree of Life
30:34 Moon Well
35:40 Ancient Protector
37:03 Ancient Protector
38:26 Ancient Protector
41:22 Ancient of Wonders
41:54 Tree of Ages
» items
| Orb of Lightning | 1 | |
| Potion of Healing | 1 | |
| Tiny Great Hall | 1 | |
| Periapt of Vitality | 1 | |
| Dust of Appearance | 1 | |
| Boots of Speed | 1 | |
| Scroll of Healing | 1 | |
| Potion of Lesser Invulnerability | 1 | |
8 total
FLA. (
teal | 33 APM | 1467 actions | 44:50)
6 Firelord
2 Summon Lava Spawn
3 Incinerate
1 Volcano
7 Pandaren Brewmaster
3 Drunken Brawler
1 Breath of Fire
2 Drunken Haze
1 Storm Earth and Fire
» actions
| Assign group hotkey | 23 | |
| Build / train | 88 | |
| Enter build submenu | 24 | |
| Enter hero's abilities submenu | 13 | |
| Give item / drop item | 1 | |
| Right click | 746 | |
| Select / deselect | 396 | |
| Select group hotkey | 114 | |
| Use ability | 62 | |
1467 total
» units
| Wisp | 19 | |
| Archer | 7 | |
| Huntress | 2 | |
| Hippogryph | 29 | |
| Chimaera | 5 | |
62 total
» upgrades
| Strength of the Wild | 3 | |
| Reinforced Hides | 2 | |
| Corrosive Breath | 1 | |
| Marksmanship | 1 | |
| Improved Bows | 1 | |
8 total
» buildings
| Altar of Elders | 1 | |
| Moon Well | 10 | |
| Ancient of War | 1 | |
| Hunter's Hall | 1 | |
| Tree of Ages | 1 | |
| Tree of Eternity | 1 | |
| Ancient of Wind | 2 | |
| Chimaera Roost | 3 | |
| Tree of Life | 3 | |
23 total
» build order
00:09 Altar of Elders
00:12 Moon Well
00:54 Moon Well
01:43 Ancient of War
01:57 Moon Well
02:53 Hunter's Hall
03:53 Tree of Ages
06:38 Tree of Eternity
06:42 Ancient of Wind
08:15 Moon Well
09:03 Chimaera Roost
09:05 Chimaera Roost
09:07 Chimaera Roost
10:06 Moon Well
11:10 Moon Well
11:43 Moon Well
12:04 Moon Well
13:11 Tree of Life
20:38 Moon Well
21:41 Ancient of Wind
27:10 Tree of Life
28:33 Moon Well
36:24 Tree of Life
dduhonich (
orange | 14 APM | 360 actions | 25:33)
3 Firelord
2 Summon Lava Spawn
1 Soul Burn
» actions
| Build / train | 57 | |
| Enter build submenu | 16 | |
| Enter hero's abilities submenu | 3 | |
| Right click | 99 | |
| Select / deselect | 147 | |
| Use ability | 38 | |
360 total
» units
| Acolyte | 4 | |
| Ghoul | 9 | |
| Necromancer | 11 | |
| Meatwagon | 3 | |
| Obsidian Statue | 1 | |
| Crypt Fiend | 7 | |
35 total
» upgrades
| Unholy Armor | 3 | |
| Unholy Strength | 3 | |
| Skeletal Mastery | 1 | |
| Skeletal Longevity | 1 | |
| Necromancer Training | 2 | |
| Disease Cloud | 1 | |
| Exhume Corpses | 1 | |
| Web | 1 | |
| Creature Attack | 2 | |
| Creature Carapace | 1 | |
16 total
» buildings
| Crypt | 2 | |
| Ziggurat | 7 | |
| Altar of Darkness | 1 | |
| Halls of the Dead | 1 | |
| Graveyard | 1 | |
| Black Citadel | 1 | |
| Temple of the Damned | 2 | |
| Slaughterhouse | 1 | |
| Tomb of Relics | 1 | |
17 total
» build order
00:17 Crypt
00:29 Ziggurat
00:55 Altar of Darkness
01:09 Ziggurat
03:04 Crypt
03:08 Halls of the Dead
03:24 Ziggurat
05:42 Graveyard
06:50 Black Citadel
07:05 Ziggurat
08:24 Temple of the Damned
08:28 Temple of the Damned
08:33 Slaughterhouse
08:41 Tomb of Relics
08:54 Ziggurat
09:14 Ziggurat
09:19 Ziggurat
Silverdrake (
purple | 43 APM | 1693 actions | 38:58)
9 Tauren Chieftain
3 War Stomp
3 Endurance Aura
1 Reincarnation
2 Shockwave
» actions
| Assign group hotkey | 1 | |
| Basic commands | 22 | |
| Build / train | 110 | |
| Enter build submenu | 20 | |
| Enter hero's abilities submenu | 9 | |
| Remove unit from queue | 24 | |
| Right click | 929 | |
| Select / deselect | 452 | |
| Use ability | 126 | |
1693 total
» units
| Peon | 5 | |
| Grunt | 3 | |
| Troll Headhunter/Berserker | -2 | |
| Raider | 7 | |
| Demolisher | 1 | |
| Kodo Beast | 1 | |
| Troll Witch Doctor | 7 | |
| Troll Batrider | 9 | |
| Wind Rider | 21 | |
52 total
» upgrades
| Melee Weapons | 3 | |
| Armor | 2 | |
| Pillage | 1 | |
| Ensnare | 1 | |
| War Drums Damage Increase | 1 | |
| Witch Doctor Training | 2 | |
| Ranged Weapons | 3 | |
| Envenomed Spears | 1 | |
14 total
» buildings
| Orc Burrow | 11 | |
| Altar of Storms | 1 | |
| Barracks | 1 | |
| War Mill | 1 | |
| Stronghold | 2 | |
| Fortress | 2 | |
| Beastiary | 1 | |
| Spirit Lodge | 1 | |
| Voodoo Lounge | 1 | |
| Great Hall | 1 | |
| Necropolis | 1 | |
23 total
» build order
00:10 Orc Burrow
00:14 Altar of Storms
01:07 Barracks
01:54 Orc Burrow
02:16 Orc Burrow
02:50 War Mill
04:16 Stronghold
06:51 Fortress
06:58 Beastiary
08:01 Orc Burrow
08:02 Orc Burrow
11:06 Spirit Lodge
11:16 Voodoo Lounge
16:49 Orc Burrow
16:50 Orc Burrow
28:52 Great Hall
36:34 Necropolis
37:11 Orc Burrow
37:38 Orc Burrow
37:39 Orc Burrow
37:41 Orc Burrow
» items
| Orb of Lightning | 1 | |
| Scroll of Town Portal | 1 | |
| Scroll of Speed | 1 | |
3 total
Chat log
(00:14 / Allies) DustyMonkey: im gettting air
(00:29 / Allies) Ethereal_Tactic: im getting aa
(00:31 / Allies) DustyMonkey: faget
(00:41 / Allies) DustyMonkey: figures..
(00:46 / Allies) DustyMonkey: i cant win a god damn game
(01:23 / Allies) DustyMonkey: wat r u doing red?
(01:27 / Allies) Ethereal_Tactic: tech
(01:35 / Allies) DustyMonkey: if they rush we r boned
(01:41 / Allies) Ethereal_Tactic: yeah...^^'
(01:48 / Allies) Ethereal_Tactic: but hes here
(01:48 / Allies) DustyMonkey: yeah he was afk like a faget
(01:58 / Allies) Dit_Zee101: oh shut up
(02:02 / Allies) DustyMonkey: no?
(02:17 / Allies) DustyMonkey: wat r u doing pink?
(02:36 / Allies) DustyMonkey: pink wat r u doing
(02:37 / Allies) Ethereal_Tactic: you use a sacrificial skull for more land...
(02:42 / Allies) DustyMonkey: lol...
(02:42 / Allies) Ethereal_Tactic: not a necropolis
(02:49 / Allies) FFA.SMERBECK: you fucking suck
(02:53 / Allies) FFA.SMERBECK: just shut up please
(03:04 / Allies) Ethereal_Tactic: mass tower?
(03:28 / Allies) DustyMonkey: people dso tht necrop stuff in ffa
(03:49 / Allies) DustyMonkey: pink can i creep with u
(04:00 / Allies) Ethereal_Tactic: the problem is that in 4v4 its always the teamate who get atcked...
(04:39 / Allies) DustyMonkey: red wat u gertting
(04:48 / Allies) Ethereal_Tactic: tank?
(04:50 / Allies) Dit_Zee101: ill do mass foot
(04:55 / Allies) DustyMonkey: why tanks
(04:59 / Allies) Ethereal_Tactic: I suspect they go air like everyone
(05:04 / Allies) Ethereal_Tactic: or choose
(05:05 / Allies) Ethereal_Tactic: now
(05:09 / Allies) Ethereal_Tactic: griffins?
(05:11 / Allies) DustyMonkey: idc
(05:15 / Allies) DustyMonkey: gg
(05:38 / Allies) DustyMonkey: wow
(06:08 / Allies) DustyMonkey: yellow tp
(06:10 / Allies) DustyMonkey: to my basde
(06:19 / Allies) DustyMonkey: THANX
(06:33 / All) DustyMonkey: gg
(06:36 / All) Silverdrake: PWND
(06:43 / All) DustyMonkey: we teched.
(06:48 / All) DustyMonkey: u didnt pwn shit
(06:53 / All) Silverdrake: your mistake
(06:54 / All) Silverdrake: pwnd
(07:01 / All) DustyMonkey: u suck
(07:08 / All) Silverdrake: thks
(07:09 / All) Silverdrake: u too
(07:15 / Allies) DustyMonkey: better than u
(07:25 / Allies) DustyMonkey: 3 grunts..
(07:49 / Allies) Ethereal_Tactic: let see if pink own
(08:02 / Allies) DustyMonkey: he dnt got shit either
(08:42 / Allies) DustyMonkey: kill purp n teal n all them
(09:44 / Allies) DustyMonkey: militia
(09:56 / Allies) DustyMonkey: help him red?
(09:56 / Allies) Ethereal_Tactic: wood?
(10:34 / All) DustyMonkey: run bitch run
(10:37 / All) Silverdrake: rofl
(10:38 / All) Silverdrake: pwnd
(10:40 / All) Silverdrake: u niggas
(10:43 / All) DustyMonkey: ur hero suck
(11:06 / Allies) DustyMonkey: ...
(11:22 / Allies) DustyMonkey: creep this plz
(11:23 / Allies) Ethereal_Tactic: control my units
(11:29 / Allies) DustyMonkey: why
(11:48 / Allies) Ethereal_Tactic: because im too stupid to do 2 thing at the same time ^^
(11:55 / Allies) DustyMonkey: pink..
(11:57 / Allies) DustyMonkey: without me..
(12:26 / Allies) DustyMonkey: heal ur hero
(12:27 / Allies) Ethereal_Tactic: clear this after
(12:33 / Allies) DustyMonkey: coming
(12:40 / All) Silverdrake: rofl
(12:41 / All) Silverdrake: forgot
(12:42 / All) Silverdrake: about that
(12:43 / All) Silverdrake: :D
(13:54 / All) Silverdrake: wow
(13:58 / All) Silverdrake: bklue afk again
(13:59 / All) Silverdrake: wth
(14:02 / Allies) Ethereal_Tactic: you should take my hero too
(14:02 / All) Silverdrake: he got 3k gold
(14:05 / All) Silverdrake: and 2500 wood
(14:39 / Allies) DustyMonkey: lemme creep one yellow
(14:41 / Allies) DustyMonkey: i need lvl 4
(14:50 / Allies) DustyMonkey: pink wait
(14:52 / Allies) DustyMonkey: plz
(15:16 / Allies) DustyMonkey: yellow wtf
(15:17 / Allies) DustyMonkey: u suck
(15:45 / Allies) FFA.SMERBECK: wood me yellow
(15:55 / Allies) DustyMonkey: wood him
(16:05 / Allies) DustyMonkey: get their armor up pink
(16:08 / Allies) DustyMonkey: the wyrms
(16:38 / Allies) DustyMonkey: red...
(16:41 / Allies) DustyMonkey: control ur shit
(16:45 / Allies) Ethereal_Tactic: ?
(16:46 / Allies) Ethereal_Tactic: oki
(17:10 / Allies) DustyMonkey: NECS
(17:13 / Allies) DustyMonkey: raiders
(17:24 / Allies) DustyMonkey: red
(17:26 / Allies) DustyMonkey: come
(17:34 / Allies) DustyMonkey: come here
(17:49 / Allies) DustyMonkey: ready to kill them
(18:08 / Allies) DustyMonkey: come red
(18:30 / All) FLA.: rape
(18:33 / Allies) DustyMonkey: WTF!
(18:48 / Allies) DustyMonkey: u fail
(19:17 / Allies) Ethereal_Tactic: you didnt wanted to control
(19:18 / Allies) DustyMonkey: kill god damn necs
(19:21 / Allies) Ethereal_Tactic: and i was busy
(19:33 / Allies) DustyMonkey: i fucking hate 4's
(19:37 / Allies) DustyMonkey: nvr playing again
(19:50 / Allies) DustyMonkey: yellow WTF
(19:52 / Allies) DustyMonkey: FOOTIES?
(19:58 / Allies) DustyMonkey: quit playing
(20:18 / Allies) DustyMonkey: yellow COME
(21:04 / Allies) DustyMonkey: lets hit
(21:08 / All) Silverdrake: blue si9 still afk
(21:14 / All) DustyMonkey: idc
(21:17 / All) Silverdrake: then this wpold be over
(21:23 / Allies) FFA.SMERBECK: someone wood me
(21:30 / Allies) DustyMonkey: red
(21:31 / Allies) DustyMonkey: come
(21:32 / Allies) DustyMonkey: WTF
(21:37 / Allies) DustyMonkey: its ONE STAT
(21:37 / Allies) FFA.SMERBECK: ty
(21:43 / Allies) DustyMonkey: wow
(21:45 / Allies) DustyMonkey: dooshbag
(23:26 / All) DustyMonkey: hero of urs just got owned
(23:35 / Allies) DustyMonkey: red stay here
(23:41 / Allies) DustyMonkey: wait for pink
(23:46 / Allies) DustyMonkey: kk
(24:00 / Allies) DustyMonkey: kill feinds
(24:20 / Allies) DustyMonkey: kill main
(24:26 / Allies) DustyMonkey: CRYPTS
(24:38 / Allies) DustyMonkey: kill HIPPO red
(25:09 / Allies) DustyMonkey: come back guys
(25:34 / Allies) DustyMonkey: anyone got mana potion??
(25:35 / All) DustyMonkey: GG
(25:40 / Allies) FFA.SMERBECK: green
(25:43 / Allies) FFA.SMERBECK: suck my dick a lil bit
(25:45 / Allies) DustyMonkey: yo
(25:49 / Allies) DustyMonkey: no
(25:59 / All) thismyFIRSTTIME: shut up noob
(26:02 / All) thismyFIRSTTIME: you lose
(26:12 / Allies) DustyMonkey: oh damn
(26:12 / All) Ethereal_Tactic: Hey the afk dude! =D
(26:27 / Allies) DustyMonkey: kill hipposa
(26:37 / All) DustyMonkey: damnit
(26:54 / All) Silverdrake: LUCKY SHIT
(26:57 / All) DustyMonkey: HAHAH
(27:02 / All) DustyMonkey: i was clicken real fast
(27:09 / All) DustyMonkey: my hero is out
(27:25 / Allies) DustyMonkey: i need mana
(27:29 / Allies) Ethereal_Tactic: tank comming
(27:47 / Allies) DustyMonkey: i got bladestorm
(27:52 / Allies) DustyMonkey: if i have mana i can take out dryads
(28:24 / Allies) DustyMonkey: red no
(28:25 / Allies) DustyMonkey: bac k
(28:34 / Allies) DustyMonkey: pink come
(28:34 / Allies) Ethereal_Tactic: no more gold
(28:35 / Allies) FFA.SMERBECK: tower
(28:40 / Allies) FFA.SMERBECK: yellow
(28:44 / Allies) FFA.SMERBECK: make a lot of towers
(28:59 / Allies) DustyMonkey: need fricken mana
(29:44 / Allies) FFA.SMERBECK: get out
(29:45 / All) DustyMonkey: uhhg... yellow is pumping footman.
(29:48 / Allies) FFA.SMERBECK: fight at towers only
(30:01 / All) Silverdrake: over
(30:02 / All) Silverdrake: :D
(30:04 / Allies) DustyMonkey: they retarded
(30:09 / Allies) Ethereal_Tactic: wtf with the supports guys?
(30:37 / Allies) FFA.SMERBECK: more towers
(30:47 / Allies) Ethereal_Tactic: get tank yellow
(31:09 / Allies) DustyMonkey: get ovr here pink
(31:16 / Allies) DustyMonkey: tp ur shit
(31:32 / Allies) DustyMonkey: bunch of hippos
(31:45 / Allies) Ethereal_Tactic: main
(31:49 / Allies) Ethereal_Tactic: noob
(32:24 / Allies) FFA.SMERBECK: make workers
(33:30 / Allies) DustyMonkey: got full mana
(33:56 / Allies) Ethereal_Tactic: now there is the gold problem
(35:02 / Allies) FFA.SMERBECK: go
(35:05 / Allies) Ethereal_Tactic: give me 680 gold + 160 wood please^^
(35:16 / Allies) DustyMonkey: i need health i almost died
(35:24 / Allies) DustyMonkey: trying to keep hero alive
(35:47 / Allies) Ethereal_Tactic: allow me to ressurect my hero!
(35:47 / Allies) FFA.SMERBECK: green
(35:50 / Allies) FFA.SMERBECK: harass expos
(36:10 / Allies) DustyMonkey: we shuld kill em
(36:33 / Allies) Ethereal_Tactic: why no one want to give me ressource...
(36:57 / Allies) DustyMonkey: cant let them rebuild units..
(37:02 / Allies) FFA.SMERBECK: what the fuck are toy doing
(37:08 / Allies) FFA.SMERBECK: you*
(37:09 / Allies) DustyMonkey: they will get mad aa
(37:16 / Allies) DustyMonkey: wtf u expect me to do
(37:23 / Allies) FFA.SMERBECK: scout expos
(37:24 / Allies) FFA.SMERBECK: please
(37:29 / Allies) DustyMonkey: ill try
(37:36 / Allies) FFA.SMERBECK: you have fucking ww
(38:11 / Allies) FFA.SMERBECK: use him
(38:14 / All) DustyMonkey: HEHE
(38:16 / Allies) FFA.SMERBECK: foots with defend
(38:19 / Allies) FFA.SMERBECK: rape dryads
(38:32 / Allies) FFA.SMERBECK: fight
(38:54 / Allies) DustyMonkey: wat u want me to get
(39:07 / Allies) FFA.SMERBECK: foots and breakers
(39:16 / Allies) DustyMonkey: oh god..
(39:19 / Allies) FFA.SMERBECK: they rape dryads
(39:34 / Allies) DustyMonkey: kill purp
(39:48 / Allies) DustyMonkey: main
(40:22 / Allies) DustyMonkey: leave it or no
(40:30 / Allies) DustyMonkey: just blue
(40:33 / Allies) FFA.SMERBECK: leave it
(40:36 / Allies) FFA.SMERBECK: we got enough towers
(40:51 / Allies) DustyMonkey: who control yello
(40:55 / Allies) FFA.SMERBECK: you
(41:00 / Allies) DustyMonkey: sumone else is
(41:03 / Allies) FFA.SMERBECK: red then
(41:05 / Allies) FFA.SMERBECK: who cares
(41:08 / Allies) DustyMonkey: red control him
(41:11 / Allies) DustyMonkey: bring him along
(41:12 / Allies) Ethereal_Tactic: sure thing
(41:45 / All) FLA.: lol
(41:54 / All) DustyMonkey: wat
(41:58 / All) DustyMonkey: wat so funny
(42:03 / All) FLA.: this game ;[
(42:10 / All) DustyMonkey: not funny
(42:11 / All) DustyMonkey: its sad
(42:42 / All) FLA.: blue is retarded
(42:44 / Allies) DustyMonkey: wew
(42:51 / All) FLA.: just standing around
(42:56 / All) DustyMonkey: oh well
(43:06 / All) DustyMonkey: gg
(44:22 / All) DustyMonkey: gg
(44:30 / All) DustyMonkey: no i was killen
(44:40 / All) FLA.: you were, but your boy wasnt
(44:44 / All) FLA.: with his blizzard